 Dungeon Crawl Stone Soup version 0.18-a0-125-g4c9da24 (webtiles) character file.

5079 Proton the Grappler (level 10, -11/104 HPs)
             Began as a Troll Fighter on Nov 21, 2015.
             Was an Elder of Ru.
             Killed from afar by twist's ghost (26 damage)
             ... with a bolt of negative energy
             ... on level 6 of the Dungeon.
             The game lasted 00:16:45 (6095 turns).

Proton the Grappler (Troll Fighter)                 Turns: 6095, Time: 00:16:45

Health: -11/104    AC: 10    Str: 32    XL:     10   Next: 31%
Magic:  9/9        EV: 11    Int:  4    God:    Ru [****..]
Gold:   385        SH:  0    Dex:  9    Spells: 0 memorised, 9 levels left

rFire  . . .     SeeInvis .       - Unarmed
rCold  . . .     Clarity  .     G - +2 robe {MR+}
rNeg   . . .     SustAt   .     (no shield)
rPois  .         Gourm    +     (helmet restricted)
rElec  .         Spirit   .     h - +0 cloak {+Inv}
rCorr  .         Warding  .     (gloves unavailable)
rMut   .         Stasis   .     (boots unavailable)
MR     +....                    (no amulet)
Stlth  +.........               (no ring)
                                a - +3 ring of strength

@: no scrolls, heavily drained, somewhat resistant to hostile enchantments, very
unstealthy
A: unfitting armour, claws 3, fangs 1, hooves 1, thin metallic scales 1, blurry
vision 1, fast metabolism 3, gourmand, regeneration 2, shaggy fur 1, tough skin
2, inability to read while threatened, inability to use devices
a: Draw Out Power, Power Leap, Renounce Religion


You were on level 6 of the Dungeon.
You worshipped Ru.
Ru was greatly pleased with you.
You were very full.

You visited 2 branches of the dungeon, and saw 9 of its levels.
You also visited: Sewer.

You collected 385 gold pieces.

Inventory:

Armour
 h - a +0 cloak of invisibility (worn)
 G - a +2 robe of magic resistance (worn)
Jewellery
 a - a +3 ring of strength (left claw)
Scrolls
 j - 4 scrolls of random uselessness {unknown}
 k - 7 scrolls of magic mapping
 l - a scroll of immolation {unknown}
 o - 2 scrolls of remove curse
 p - 5 scrolls of teleportation
 s - 3 scrolls of recharging {unknown}
 t - 2 scrolls of amnesia {unknown}
 v - 2 scrolls of enchant weapon {unknown}
 y - 2 scrolls of fear {unknown}
 A - 3 scrolls of blinking {unknown}
 B - a scroll of noise {unknown}
 D - a scroll of enchant armour {unknown}
Potions
 b - 2 potions of invisibility {unknown}
 c - 3 potions of might
 e - 6 potions of curing {unknown}
 g - 3 potions of heal wounds {unknown}
 i - a potion of cancellation
 m - 2 potions of lignification {unknown}
 n - 5 potions of magic {unknown}
 r - 2 potions of flight
 u - a potion of experience {unknown}
 w - a potion of poison {unknown}
 x - 2 potions of cure mutation
 z - a potion of brilliance
 E - a potion of beneficial mutation
 F - 2 potions of haste
Comestibles
 d - 10 bread rations
 f - 3 meat rations
 q - 2 fruits
 C - 8 slices of pizza


   Skills:
 + Level 7.8(5.9) Fighting
 + Level 7.7(5.8) Dodging
   Level 3.1(1.4) Shields
 * Level 9.1(7.1) Unarmed Combat


You had 9 spell levels left.
You didn't know any spells.

Dungeon Overview and Level Annotations

Branches:
Dungeon (8/15)             Temple (1/1) D:6
   Lair: D:8-11

Altars:
Ashenzari
Cheibriados
Dithmenos
Elyvilon
Fedhas
Gozag
Kikubaaqudgha
Makhleb
Ru
Sif Muna
Vehumet
Xom

Annotations:
D:6 twist's ghost, novice DrBe


Innate Abilities, Weirdness & Mutations

You are too large for most types of armour.
You have claws for hands.
Your metabolism is lightning-fast.
You like to eat raw meat.
You heal very quickly.
You are covered in fur (AC +1).
You have very tough skin (AC +2).
You cannot read scrolls while threatened.
You cannot study or use magical devices.
You have very sharp teeth.
You have large cloven feet.
You are partially covered in thin metallic scales (AC +2).
Scrolls take you a little longer to read.


Message History

You scratch twist's ghost but do no damage.
Your kick misses twist's ghost.
Twist's ghost breathes negative energy at you.
The bolt of negative energy hits you!
You feel drained.
You focus your will and illuminate twist's ghost in retribution!
You barely miss twist's ghost.
You kick twist's ghost, but do no damage.
Your bite misses twist's ghost. Twist's ghost hits you!
You feel threatened and lose the ability to read scrolls!
You barely miss twist's ghost. Your kick misses twist's ghost.
Twist's ghost breathes negative energy at you.
The bolt of negative energy hits you!
You feel drained.
* * * LOW HITPOINT WARNING * * *
You are too injured to fight recklessly!
You are too injured to fight recklessly!
You are too injured to fight recklessly!
Twist's ghost begins to attack, but is stunned by your will!
Twist's ghost breathes negative energy at you.
The bolt of negative energy hits you!
You feel drained.
You die...

#.....# #.# #...........##.
#.#.#.# #.# #.#########.##.
#.....###.## #.##...........
#.#.#......########.##.######....
#...................##.# ##.##
#...###...############.# #.##
##...........# #.# #.##
#.####...##(#########.# #.##
#..............@......#######.#
#.#####.###.###.............#.##
#.# #...............#####.#.##
#.# #####.###.W.............##
#.# #.# #..#.#.#.####.#... #.#
#.###.........# #.#.## #.######
#>.....#.#.#..# #.#.## #......#
####..........# #.#.## #.####.#
......#.#.#..# #.#.#


You could see twist's ghost.

Vanquished Creatures
  Grinder (D:5)
  Eustachio (D:5)
  A human (D:8)
  A hippogriff (D:8)
  A hungry ghost (D:7)
  The ghost of twist the Gusty, an amateur DrAE of Vehumet (D:4)
  Menkaure (D:5)
  An ice beast (D:6)
  Duvessa (D:6)
  4 orc warriors
  2 black bears
  A phantom (D:5)
  2 centaurs
  2 sky beasts
  4 ogres (D:4)
  A big kobold (D:8)
  9 giant frogs
  Blork the orc (D:6)
  Dowan (D:6)
  2 scorpions
  6 killer bees (D:7)
  2 quasits (D:8)
  3 orc priests
  3 centaur zombies
  A giant frog zombie (D:5)
  2 hounds
  3 centaur skeletons
  A crimson imp (D:7)
  Ijyb (D:3)
  A jelly (D:8)
  2 giant frog skeletons (D:5)
  6 worker ants
  7 orc wizards
  A hound zombie (D:5)
  A hound skeleton (D:6)
  7 gnolls
  21 adders
  4 river rats (Sewer)
  3 shadow imps
  An ooze (Sewer)
  6 adder skeletons
  3 worms
  9 giant geckos
  30 orcs
  7 giant cockroaches
  6 hobgoblins
  18 jackals
  10 kobolds
  6 quokkas
  13 ball pythons
  6 bats
  A giant gecko skeleton (D:5)
  8 giant newts
  12 goblins
  A quokka skeleton (D:5)
  32 rats
282 creatures vanquished.

Vanquished Creatures (others)
  A quokka (D:6)
1 creature vanquished.

Grand Total: 283 creatures vanquished

Notes
Turn   | Place    | Note
--------------------------------------------------------------
     0 | D:1      | Proton the Troll Fighter began the quest for the Orb.
     0 | D:1      | Reached XP level 1. HP: 22/22 MP: 0/0
    94 | D:1      | Reached XP level 2. HP: 25/29 MP: 1/1
   356 | D:1      | Reached XP level 3. HP: 34/36 MP: 2/2
   733 | D:2      | Reached skill level 3 in Shields
  1113 | D:2      | Found a radiant altar of Vehumet.
  1309 | D:2      | Reached XP level 4. HP: 44/44 MP: 3/3
  1638 | D:3      | Reached XP level 5. HP: 53/53 MP: 4/4
  1699 | D:3      | Noticed Ijyb
  1703 | D:3      | Killed Ijyb
  2119 | D:4      | Noticed twist's ghost (amateur DrAE)
  2193 | D:4      | Killed twist's ghost
  2193 | D:4      | Reached XP level 6. HP: 28/61 MP: 5/5
  2210 | D:4      | Reached skill level 4 in Unarmed Combat
  2298 | D:4      | Found a sacrificial altar of Ru.
  2306 | D:4      | Became a worshipper of Ru the Awakened
  2363 | D:4      | Reached XP level 7. HP: 60/70 MP: 6/6
  2634 | D:4      | Reached skill level 5 in Unarmed Combat
  2692 | D:4      | Found a blossoming altar of Fedhas.
  2793 | D:5      | Entered Level 5 of the Dungeon
  2932 | D:5      | Noticed Menkaure
  2941 | D:5      | Killed Menkaure
  2941 | D:5      | Reached skill level 5 in Fighting
  2941 | D:5      | Reached XP level 8. HP: 62/80 MP: 7/7
  2946 | D:5      | Found a glowing drain.
  2961 | Sewer    | Entered a sewer
  3130 | Sewer    | Reached skill level 5 in Dodging
  3234 | Sewer    | Reached skill level 6 in Unarmed Combat
  3270 | D:5      | Noticed Grinder
  3283 | D:5      | Killed Grinder
  3464 | D:5      | Noticed Eustachio
  3481 | D:5      | Killed Eustachio
  3481 | D:5      | Reached XP level 9. HP: 77/89 MP: 8/8
  3611 | D:5      | Found an opulent altar of Gozag.
  3611 | D:5      | Found a burning altar of Makhleb.
  3612 | D:5      | Found a snail-covered altar of Cheibriados.
  3642 | D:5      | Reached skill level 7 in Unarmed Combat
  3904 | D:6      | Found a staircase to the Ecumenical Temple.
  3916 | Temple   | Entered the Ecumenical Temple
  4085 | D:6      | Found a deep blue altar of Sif Muna.
  4085 | D:6      | Found a shadowy altar of Dithmenos.
  4145 | D:6      | Noticed Dowan
  4145 | D:6      | Found a white marble altar of Elyvilon.
  4158 | D:6      | Noticed Duvessa
  4167 | D:6      | Killed Dowan
  4184 | D:6      | Killed Duvessa
  4254 | D:6      | Noticed Blork the orc
  4266 | D:6      | Killed Blork the orc
  4292 | D:6      | Gained mutation: You are partially covered in thin metallic scales (AC +2). [potion of mutation]
  4292 | D:6      | Gained mutation: You have large cloven feet. [potion of mutation]
  4292 | D:6      | Gained mutation: You have very sharp teeth. [potion of mutation]
  4375 | D:6      | Noticed twist's ghost (novice DrBe)
  4665 | D:7      | Gained mutation: You cannot read scrolls while threatened. [Ru sacrifice]
  4665 | D:7      | Reached * piety under Ru
  4832 | D:7      | Reached skill level 8 in Unarmed Combat
  5199 | D:7      | Found a shimmering altar of Xom.
  5284 | D:7      | Gained mutation: Scrolls take you a little longer to read. [mutagenic meat]
  5424 | D:8      | Reached XP level 10. HP: 98/102 MP: 9/9
  5519 | D:8      | Found an ancient bone altar of Kikubaaqudgha.
  5605 | D:8      | Found a shattered altar of Ashenzari.
  5815 | D:8      | Gained mutation: You cannot study or use magical devices. [Ru sacrifice]
  5815 | D:8      | Reached ** piety under Ru
  5815 | D:8      | Reached *** piety under Ru
  5815 | D:8      | Reached **** piety under Ru
  5915 | D:8      | Found an opulent altar of Gozag.
  5979 | D:8      | Reached skill level 9 in Unarmed Combat
  6095 | D:6      | Killed from afar by twist's ghost

Vault maps used:
D:1:      sevenhm_arrival_forest_fort_large_4
D:2:      lemuel_coloured_pillars_altar
D:3:      kennysheep_big_flooded_room, serial_park_tiny_pond,
          grunt_ministairs_15, uniq_iyjb
D:4:      kennysheep_mini, hangedman_ru_absence
D:5:      gammafunk_temple_overflow_forgotten, portal_sewer_entry_a,
          first_bread, uniq_menkaure, uniq_eustachio, uniq_grinder
D:6:      zin_angel, elyvilon_altar_4, grunt_temple_overflow_open,
          minmay_temple_entry_large_hall, serial_glass, glass_columns_a,
          glass_columns_b, glass_columns_a, glass_columns_b, uniq_blork_the_orc,
          uniq_duvessa
D:7:      lemuel_doored_altar, serial_glass, glass_columns_a, glass_columns_c,
          glass_columns_a, glass_columns_c, glass_columns_a, glass_columns_a
D:8:      kennysheep_little_box, lemuel_round_altar, grunt_pizzeria,
          grunt_gozag_statues
Temple:   corrupted_temple
Sewer:    sewer_minmay_w

Action                   |  1- 3 |  4- 6 |  7- 9 | 10-12 || total
-------------------------+-------+-------+-------+-------++-------
Melee: Unarmed           |   133 |   153 |   466 |   100 ||   852
Invok: Reject Sacrifices |       |       |     1 |       ||     1
       Sacrifice Words   |       |       |     1 |       ||     1
       Sacrifice Artific |       |       |       |     1 ||     1
  Use: Scroll            |       |       |    11 |       ||    11
       Potion            |       |       |     1 |       ||     1
 Stab: Sleeping          |     2 |       |     2 |       ||     4
  Eat: Chunk             |    14 |    11 |    27 |    11 ||    63
       Bread ration      |     1 |       |       |       ||     1
       Fruit             |       |       |     2 |       ||     2
